 Dungeon Crawl Stone Soup version 0.29-a0-330-g52719c12eb (webtiles) character file.

Game seed: 13364695602865235428

63 HoaS the Shooter (level 4, -3/26 HPs)
             Began as a Gargoyle Hunter on May 17, 2022.
             Slain by a gnoll
             ... wielding a +0 spear
              (4 damage)
             ... on level 2 of the Dungeon.
             The game lasted 00:02:39 (882 turns).

HoaS the Shooter (Gargoyle Hunter)                   Turns: 882, Time: 00:02:39

Health: -3/26      AC:  8    Str: 14    XL:     4   Next: 9%
Magic:  4/4        EV:  7    Int: 10    God:
Gold:   55         SH:  0    Dex: 15    Spells: 3/3 levels left

rFire   . . .      SeeInvis .   a - +1 shortbow
rCold   . . .      Faith    .   (shield currently unavailable)
rNeg    + . .      Spirit   .   d - +0 ring mail
rPois   ∞          Reflect  .   (no helmet)
rElec   +          Harm     .   (no cloak)
rCorr   .          Rampage  .   (no gloves)
Will    .....                   (no boots)
Stlth   +.........              (no amulet)
HPRegen 0.08/turn               (no ring)
MPRegen 0.09/turn               (no ring)

@: constricted
A: sickness immunity, AC +3, negative energy resistance 1, electricity
resistance, torment resistance 1, petrification resistance
a: no special abilities


You were on level 2 of the Dungeon.
You visited 1 branch of the dungeon, and saw 2 of its levels.

You collected 55 gold pieces.

Inventory:

Hand Weapons
 a - a +1 shortbow (weapon)
Armour
 d - a +0 ring mail (worn)
Scrolls
 c - 2 scrolls of immolation
Potions
 b - a potion of curing
 e - a potion of degeneration {unknown}
 f - a potion of mutation {unknown}
 h - a potion of cancellation {unknown}


   Skills:
 - Level 2.1 Fighting
 * Level 5.5 Bows
 - Level 1.5 Dodging
 - Level 1.1 Stealth


You had 3 spell levels left.
You didn't know any spells.
Your spell library contained the following spells:

 Spells                   Type           Power      Damage    Failure   Level
 Fulminant Prism          Conj/Hex       0%         3d6       100%        4
 Iskenderun's Mystic Bla  Conj/Tloc      0%         2d3       100%        4
 Lee's Rapid Deconstruct  Erth           0%         3d5*      100%        5


Dungeon Overview and Level Annotations

Branches:
Dungeon (2/15)

Altars:
Ru


Innate Abilities, Weirdness & Mutations

You are immune to sickness and miasma.
Your stone body is resilient. (AC +3)
You are immune to poison.
You resist negative energy. (rN+)
You are resistant to electric shocks. (rElec)
You are resistant to unholy torment.
You are immune to petrification.


Message History

Press: ? - help, Q - select action Shift-Dir - straight line, f/p - gnoll
Aim: a gnoll, wielding a +0 spear, wearing a +0 ring mail and wearing a ring of flight (moderately wounded, 70% to hit)
You shoot an arrow. The arrow hits the gnoll.
The gnoll is severely wounded.
The gnoll hits you from afar with a +0 spear.
The gnoll closely misses you.
Shoot: a) +1 shortbow
Press: ? - help, Q - select action Shift-Dir - straight line, f/p - gnoll
Aim: a gnoll, wielding a +0 spear, wearing a +0 ring mail and wearing a ring of flight (severely wounded, 70% to hit)
You shoot an arrow. The arrow closely misses the gnoll.
The gnoll hits you from afar with a +0 spear.
* * * LOW HITPOINT WARNING * * *
Shoot: a) +1 shortbow
Press: ? - help, Q - select action Shift-Dir - straight line, f/p - gnoll
Aim: a gnoll, wielding a +0 spear, wearing a +0 ring mail and wearing a ring of flight (severely wounded, 70% to hit)
You shoot an arrow. The arrow barely misses the gnoll.
The gnoll barely misses you.
Shoot: a) +1 shortbow
Press: ? - help, Q - select action Shift-Dir - straight line, f/p - gnoll
Aim: a gnoll, wielding a +0 spear, wearing a +0 ring mail and wearing a ring of flight (severely wounded, 70% to hit)
You shoot an arrow.
The arrow hits the gnoll but does no damage.
The gnoll is severely wounded.
The ball python bites you but does no damage.
The ball python grabs you. The ball python constricts you.
* * * LOW HITPOINT WARNING * * *
The gnoll hits you from afar with a +0 spear.
* * * LOW HITPOINT WARNING * * *
The ball python bites you but does no damage.
The ball python constricts you. The gnoll closely misses you.
Shoot: a) +1 shortbow
Press: ? - help, Q - select action Shift-Dir - straight line, f/p - gnoll
Aim: a gnoll, wielding a +0 spear, wearing a +0 ring mail and wearing a ring of flight (severely wounded, 70% to hit)
You shoot an arrow. The arrow hits the gnoll.
The gnoll is almost dead.
The ball python bites you but does no damage.
The ball python constricts you.
* * * LOW HITPOINT WARNING * * *
The gnoll hits you from afar with a +0 spear.
You die...

.##.....##
#.##÷####.###.#
..........##
#.##..#...# #.#
...........#
#.###...### #.#
...........# #.#
##..#####.#
...........###.#
#......#.#
............##.#
##.###.#.#
............## #
#.# #.#.#
.............#.#
#.# #...#
...........@..#
..# ###.##
##.....#..S..#
.## #...#
#..####.._g.# #.
#...# ##.
#..)...# #>
#.#.. # .......#
#..#.# .....##..
#.....# .......
... .......#
....#.). ....
........#
##....#.#


You could see a gnoll and a ball python.

Vanquished Creatures
  2 gnolls (D:2)
  An adder (D:2)
  A dart slug (D:1)
  A ball python (D:1)
  3 endoplasms
  2 goblins (D:1)
  6 hobgoblins
  4 jackals (D:2)
  2 kobolds
  A quokka (D:1)
  3 frilled lizards (D:1)
  4 rats
30 creatures vanquished.

Notes
Turn   | Place    | Note
-------+----------+-------------------------------------------
     0 | D:1      | HoaS the Gargoyle Hunter began the quest for the Orb.
     0 | D:1      | Reached XP level 1. HP: 12/12 MP: 1/1
   106 | D:1      | Reached XP level 2. HP: 16/17 MP: 2/2
   274 | D:1      | Found a faded altar of an unknown god.
   556 | D:2      | Reached XP level 3. HP: 21/21 MP: 3/3
   638 | D:2      | Reached skill level 5 in Bows
   853 | D:2      | Found a sacrificial altar of Ru.
   868 | D:2      | Reached XP level 4. HP: 21/26 MP: 4/4
   882 | D:2      | HP: 1/26 [constriction (1)]
   882 | D:2      | Slain by a gnoll

Illustrated notes

Levels and vault maps discovered:
D:1:      onia_arrival_handbag, layout_rooms,
          shapermc_ecumenical_altar_notcrosses
D:2:      layout_rooms, basic_altar

Skill      XL: |  1  2  3 |
---------------+----------+-----
Bows           | 5 |  5.5
Fighting       | |  2.1
Dodging        | |  1.5
Stealth        | |  1.1

Action                   |  1- 3 |  4- 6 || total
-------------------------+-------+-------++-------
 Fire: Shortbow          |    78 |    15 ||    93
  Use: Scroll            |     3 |       ||     3
Armor: Ring mail         |     8 |     4 ||    12
Dodge: Dodged            |    15 |     7 ||    22

Table legend: (Time is in decaauts)
 A = Elapsed time spent in this place.
 B = Non-inter-level travel time spent in this place.
 C = Inter-level travel time spent in this place.
 D = Time resting spent in this place.
 E = Time spent auto-exploring this place.
 F = Levels seen in this place.
 G = Mean time per level.
                   A        B        C        D        E       F      G
               +--------+--------+--------+--------+--------+-----+--------+
         Total |    915 |    898 |     17 |    119 |    553 |   2 |  457.5 |
       Dungeon |    915 |    898 |     17 |    119 |    553 |   2 |  457.5 |
               +--------+--------+--------+--------+--------+-----+--------+

Top non-repeatable levels by time:
     D:1: 558 daAuts
     D:2: 356 daAuts
